 Dungeon Crawl Stone Soup version 0.27.0-1-g7a089689b8 (webtiles) character file.

Game seed: 1213611632854427257

193 unlimited1921 the Skirmisher (level 5, -4/50 HPs)
             Began as a Minotaur Fighter on Aug 1, 2021.
             Slain by a two-headed ogre (9 damage)
             ... on level 8 of the Dungeon.
             The game lasted 00:18:00 (2436 turns).

unlimited1921 the Skirmisher (Minotaur Fighter)     Turns: 2436, Time: 00:18:03

Health: -4/50      AC:  9    Str: 22    XL:     5   Next: 44%
Magic:  4/4        EV:  7    Int:  5    God:
Gold:   53         SH: 14    Dex:  9    Spells: 4/4 levels left

rFire    . . .     SeeInvis .   a - +0 long sword
rCold    . . .     Faith    .   c - +0 kite shield
rNeg     . . .     Spirit   .   b - +0 scale mail
rPois    .         Reflect  +   (helmet restricted)
rElec    .         Harm     .   (no cloak)
rCorr    .         Rampage  .   f - +0 pair of gloves
Will     .....                  o - +0 pair of boots
Stlth    ..........             k - amulet of reflection
HPRegen  0.16/turn              (no ring)
MPRegen  0.09/turn              (no ring)

@: no status effects
A: horns 2, retaliatory headbutt
a: no special abilities


You were on level 8 of the Dungeon.
You visited 1 branch of the dungeon, and saw 6 of its levels.

You collected 53 gold pieces.

Inventory:

Hand Weapons
 a - a +0 long sword (weapon)
 g - a +0 whip
Missiles
 e - 74 stones
 i - 12 poisoned darts (quivered)
Armour
 b - a +0 scale mail (worn)
 c - a +0 kite shield (worn)
 f - a +0 pair of gloves (worn)
 o - a +0 pair of boots (worn)
 p - a +0 chain mail
Jewellery
 k - an amulet of reflection (around neck)
Scrolls
 j - a scroll of identify {unknown}
 l - a scroll of torment {unknown}
 m - 3 scrolls of amnesia
 n - a scroll of teleportation {unknown}
 q - a scroll of enchant weapon {unknown}
Potions
 d - a potion of might
 h - a potion of brilliance {unknown}


   Skills:
 * Level 6.1 Fighting
 - Level 3.3 Long Blades
 + Level 0.4 Throwing
 - Level 4.2 Armour
 - Level 0.6 Dodging
 - Level 4.2 Shields


You had 4 spell levels left.
You didn't know any spells.
Your spell library was empty.

Dungeon Overview and Level Annotations

Branches:
Dungeon (8/15)
 Temple: D:4-7         Lair: D:8-11

Altars:
Okawaru


Innate Abilities, Weirdness & Mutations

You have a pair of horns on your head.
You reflexively headbutt those who attack you in melee.


Message History

You now have 53 gold pieces (gained 15).
Found a stone staircase leading up.
There is a stone staircase leading up here.
A two-headed ogre comes into view. It is wielding two +0 giant clubs.
Throw: 15 darts (poison)
Press: ? - help, Q - select action, (/) - cycle Shift-Dir - straight line, f - two-headed ogre
Aim: a two-headed ogre, wielding two +0 giant clubs (wandering, hasn't noticed you, 73% to hit)
You throw a poisoned dart.
The poisoned dart hits the two-headed ogre.
The two-headed ogre is poisoned.
Throw: 14 darts (poison)
Press: ? - help, Q - select action, (/) - cycle Shift-Dir - straight line, f/p - two-headed ogre
Aim: a two-headed ogre, wielding two +0 giant clubs (poisoned, 73% to hit)
You throw a poisoned dart.
The poisoned dart closely misses the two-headed ogre.
You closely miss the two-headed ogre.
The two-headed ogre is lightly wounded.
You block the two-headed ogre's attack. x2
You hit the two-headed ogre.
The two-headed ogre is lightly wounded.
The two-headed ogre looks more healthy.
You block the two-headed ogre's attack.
The two-headed ogre hits you with a +0 giant club!
The two-headed ogre hits you but does no damage.
You block the two-headed ogre's attack.
You hit the two-headed ogre but do no damage.
Your headbutt misses the two-headed ogre.
The two-headed ogre is lightly wounded.
The two-headed ogre hits you with a +0 giant club!
You block the two-headed ogre's attack.
Throw: 13 darts (poison)
Press: ? - help, Q - select action, (/) - cycle Shift-Dir - straight line, f/p - two-headed ogre
Aim: a two-headed ogre, wielding two +0 giant clubs (lightly wounded, 73% to hit)
You throw a poisoned dart.
The poisoned dart hits the two-headed ogre.
The two-headed ogre is poisoned.
The two-headed ogre is lightly wounded.
The two-headed ogre hits you with a +0 giant club!
* * * LOW HITPOINT WARNING * * *
The two-headed ogre hits you with a +0 giant club!
You die...

#.# #.# #.## #..#
#####.###
#.......# ####
#.###.#.# ... #.#
#.#.##.###.# #.#
#...@O.....#
#.#####.##.##....
#.<.....# .(( .
######### ####


You could see a two-headed ogre (poisoned).

Vanquished Creatures
  A water moccasin skeleton (D:5)
  2 hounds (D:5)
  Terence (D:2)
  2 adders
  A dart slug (D:1)
  9 endoplasms
  2 giant cockroaches
  5 hobgoblins (D:1)
  A quokka (D:1)
  4 ball pythons
  5 bats
  2 frilled lizards (D:1)
  4 goblins
  A kobold (D:2)
  3 rats (D:1)
43 creatures vanquished.

Notes
Turn   | Place    | Note
-------+----------+-------------------------------------------
     0 | D:1      | unlimited1921 the Minotaur Fighter began the quest for the
                  | Orb.
     0 | D:1      | Reached XP level 1. HP: 19/19 MP: 0/0
   134 | D:1      | Found a faded altar of an unknown god.
   182 | D:1      | Reached XP level 2. HP: 24/27 MP: 1/1
   540 | D:1      | Reached skill level 4 in Fighting
   676 | D:1      | Reached XP level 3. HP: 26/33 MP: 2/2
  1508 | D:2      | Noticed Terence
  1536 | D:2      | Killed Terence
  1680 | D:2      | Reached XP level 4. HP: 30/41 MP: 3/3
  2240 | D:3      | You fall into a shaft and drop 3 floors!
  2240 | D:6      | Found an iron altar of Okawaru.
  2244 | D:5      | Entered Level 5 of the Dungeon
  2272 | D:5      | Reached skill level 5 in Fighting
  2300 | D:5      | Reached XP level 5. HP: 46/49 MP: 4/4
  2305 | D:5      | Reached skill level 6 in Fighting
  2380 | D:5      | You fall into a shaft and drop 3 floors!
  2429 | D:8      | Noticed a two-headed ogre
  2436 | D:8      | Slain by a two-headed ogre

Illustrated notes

Levels and vault maps discovered:
D:1:      matt_arrival_los_fun, layout_loops_corners,
          shapermc_ecumenical_altar_pompeii, grunt_decor_resistance,
          minmay_misc_feat_cross, wad_floor_pattern_2
D:2:      layout_basic, uniq_terence
D:3:      layout_basic, nicolae_vehumet_radiance, minmay_statues_item
D:5:      layout_rooms, nicolae_wu_jian_immortal_techniques,
          nicolae_dithmenos_through_a_glass_darkly,
          chequers_serial_rivers_micro_e
D:6:      layout_cave_pools, lemuel_round_altar, minmay_temple_entry_mist,
          serial_shops, shop, hangedman_decor_opposing
D:8:      layout_loops_corners, nicolae_qazlal_scattered_showers,
          evilmike_ruin_ashenzari, nicolae_overflow_crystal_walls,
          grunt_ministairs_14, dk_noncrumbling_4

Skill      XL: |  1  2  3  4  5 |
---------------+----------------+-----
Shields        | 4 |  4.2
Fighting       | 4 5 6 |  6.1
Armour         | 4 |  4.2
Long Blades    | 3 |  3.3
Throwing       | |  0.4
Dodging        | |  0.6

Action                   |  1- 3 |  4- 6 || total
-------------------------+-------+-------++-------
Melee: Long sword        |    70 |    26 ||    96
       Headbutt          |    11 |     4 ||    15
Throw: Dart              |       |     6 ||     6
  Use: Scroll            |       |     1 ||     1
Armor: Scale mail        |    26 |     8 ||    34
Dodge: Dodged            |    16 |     4 ||    20
Block: Kite shield       |    41 |    21 ||    62
       Rpst.: Long sword |     3 |     3 ||     6
